 Dungeon Crawl Stone Soup version 0.20.0-7-g3b7b877 (webtiles) character file.

97 Gorglomux the Shooter (level 4, 0/38 HPs)
             Began as a Centaur Arcane Marksman on May 29, 2017.
             Killed by nerve-wracking pain
             ... invoked by a shadow imp
             ... summoned by a kobold demonologist
              (5 damage)
             ... on level 3 of the Dungeon.
             The game lasted 00:04:59 (3479 turns).

Gorglomux the Shooter (Centaur Arcane Marksman)     Turns: 3479, Time: 00:04:59

Health: 0/38       AC:  5    Str: 13    XL:     4   Next: 42%
Magic:  5/5        EV:  9    Int: 12    God:
Gold:   138        SH:  0    Dex: 10    Spells: 4/5 levels left

rFire    . . .     SeeInvis .   a - +1 shortbow
rCold    . . .     Gourm    .   (shield currently unavailable)
rNeg     . . .     Faith    .   e - +0 robe
rPois    .         Spirit   .   (no helmet)
rElec    .         Reflect  .   h - +0 cloak
rCorr    .         Harm     .   (no gloves)
MR       .....                  (no barding)
Stlth    +.........             (no amulet)
Regen    0.2/turn               (no ring)
MPRegen  0.1/turn               (no ring)

@: lethally poisoned (0 -> -22), drained, very quick
A: hooves 3, deformed body, speed 2, tough skin 3
a: no special abilities


You were on level 3 of the Dungeon.
You were not hungry.

You visited 1 branch of the dungeon, and saw 3 of its levels.

You collected 138 gold pieces.

Inventory:

Hand Weapons
 a - a +1 shortbow (weapon)
 b - a +0 spear
 A - a +0 dagger
Missiles
 d - 3 arrows (quivered)
Armour
 e - a +0 robe (worn)
 h - a +0 cloak (worn)
Wands
 I - a wand of flame (10/48)
Scrolls
 j - 3 scrolls of enchant weapon
 B - a scroll of fog
 E - a scroll of enchant armour {unknown}
 F - a scroll of blinking {unknown}
 H - a scroll of amnesia {unknown}
 R - 4 scrolls of identify
Potions
 i - 2 potions of degeneration
 r - a potion of heal wounds
 D - a potion of agility {unknown}
 G - a potion of lignification {unknown}
Books
 c - a book of Debilitation

   Spells                             Type                      Level
   a - Corona                         Hexes                        1
   b - Slow                           Hexes                        2
   c - Inner Flame                    Hexes/Fire                   3
   d - Portal Projectile              Hexes/Translocation          3
   e - Cause Fear                     Hexes                        4
   f - Leda's Liquefaction            Hexes/Earth                  4
Comestibles
 f - 3 bread rations
 l - 2 royal jellies
 z - a meat ration


   Skills:
 + Level 3.0(1.9) Fighting
 + Level 4.9(3.7) Bows
 - Level 1.3(0.3) Dodging
 - Level 1.0(0.0) Spellcasting
 - Level 2.6(1.6) Hexes


You had 4 spell levels left.
You knew the following spells:

 Your Spells              Type           Power        Failure   Level  Hunger
a - Corona                Hex            #......      17%         1    ##.....


Dungeon Overview and Level Annotations

Branches:
Dungeon (3/15)

Altars:


Innate Abilities, Weirdness & Mutations

You have hooves in place of feet.
Armour fits poorly on your strangely shaped body.
You cover ground very quickly.
You have extremely tough skin. (AC +3)


Message History

The arrow hits the plant but does no damage.
The plant is lightly damaged.
You hear a splash.
The orange demon barely misses you.
The kobold demonologist looks braver for a moment.
The shadow imp gestures at you. Pain shoots through your body!
Firing (i - inventory):
d - 4 arrows (quivered)
Press: ? - help, Shift-Dir - straight line, f/p - shadow imp
Aim: a shadow imp (summoned)
You shoot an arrow. The arrow hits the shadow imp.
The shadow imp is heavily wounded.
The orange demon stings you from afar!
* * * LOW HITPOINT WARNING * * *
You are lethally poisoned!
The orange demon poisons you!
The shadow imp laughs crazily.
The shadow imp gestures at you. Pain shoots through your body!
You die...

#.# #.####+#### #.#.≈...≈.#
#.#.≈...≈.# #(#.≈P≈P≈.#
#.#(≈P♣≈≈.# #.#5≈4(≈≈.#
#.#3≈5(.≈.# # #.#K≈@(.≈.# .#
. #.####(#### .#.#
#.#P.....P# ...# #.#8P...P8#
#..# .. #.#########.#..# ..
####.....©.....#..# #.
#..........#####..###### ..
####...#####....>...(......#
..
......#........#####..#####.


You could see an orange demon, a kobold demonologist (inner flame), a sixfirhy
and 2 shadow imps.

Vanquished Creatures
  3 adders (D:2)
  An ooze (D:3)
  2 worms (D:2)
  4 dart slugs
  A leopard gecko (D:2)
  2 orcs (D:3)
  A ball python (D:1)
  3 giant cockroaches (D:1)
  7 goblins
  7 hobgoblins
  A jackal (D:2)
  3 kobolds
  A quokka (D:2)
  6 bats
  A frilled lizard (D:2)
  5 rats
48 creatures vanquished.

Notes
Turn   | Place    | Note
-------+----------+-------------------------------------------
     0 | D:1      | Gorglomux the Centaur Arcane Marksman began the quest for the Orb.
     0 | D:1      | Reached XP level 1. HP: 16/16 MP: 2/2
   202 | D:1      | Reached skill level 3 in Bows
   341 | D:1      | Reached XP level 2. HP: 11/23 MP: 3/3
  1103 | D:2      | Reached XP level 3. HP: 26/29 MP: 4/4
  1294 | D:2      | Reached skill level 4 in Bows
  2501 | D:2      | Reached XP level 4. HP: 25/37 MP: 5/5
  2838 | D:2      | Found a faded altar of an unknown god.
  3198 | D:3      | Found a transporter.
  3247 | D:3      | Reached skill level 3 in Fighting
  3281 | D:3      | Noticed a kobold demonologist
  3462 | D:3      | Noticed a sixfirhy
  3473 | D:3      | Noticed an orange demon
  3479 | D:3      | Killed from afar by a shadow imp

Skill      XL: |  1  2  3  4 |
---------------+-------------+-----
Bows           | 3 4 |  4.9
Fighting       | 2 3 |  3.0
Dodging        | |  1.3
Spellcasting   | |  1.0
Hexes          | |  2.6

Action                   |  1- 3 |  4- 6 || total
-------------------------+-------+-------++-------
Melee: Unarmed           |    15 |       ||    15
       Dagger            |    80 |       ||    80
       Kick              |    21 |     8 ||    29
       Spear             |     8 |    53 ||    61
 Fire: Shortbow          |    47 |    42 ||    89
Evoke: Wand              |       |     6 ||     6
  Use: Scroll            |       |     5 ||     5
       Potion            |       |     1 ||     1
  Eat: Chunk             |     3 |     3 ||     6
Armor: Robe              |    41 |    21 ||    62
Dodge: Dodged            |    48 |    29 ||    77
